 Dungeon Crawl Stone Soup version 0.21.1-1-g345015f (webtiles) character file.

6811 kae the Martial Artist (level 10, -4/77 HPs)
             Began as a Demonspawn Transmuter on May 16, 2018.
             Was a Follower of Wu Jian.
             Slain by a porcupine (6 damage)
             ... on level 11 of the Dungeon.
             The game lasted 00:29:27 (19416 turns).

kae the Martial Artist (Demonspawn Transmuter)     Turns: 19416, Time: 00:29:28

Health: -4/77      AC:  6    Str: 11    XL:     10   Next: 77%
Magic:  0/19       EV: 14    Int: 15    God:    Wu Jian [*.....]
Gold:   368        SH:  3    Dex: 16    Spells: 10/21 levels left

rFire    + . .     SeeInvis .     - Unarmed
rCold    . . .     Gourm    .   (no shield)
rNeg     . . .     Faith    .   b - +1 robe
rPois    .         Spirit   +   (no helmet)
rElec    .         Reflect  +   (no cloak)
rCorr    .         Harm     .   (no gloves)
MR       .....                  (no boots)
Stlth    +.........             n - +3 amulet of reflection
HPRegen  0.22/turn              h - ring of protection from fire
MPRegen  0.16/turn              (no ring)

@: no status effects
A: talons 2, yellow scales 2, powered by death 1, magic shield
a: Renounce Religion


You were on level 11 of the Dungeon.
You worshipped Wu Jian.
Wu Jian was aware of your devotion.
You were very hungry.

You visited 2 branches of the dungeon, and saw 12 of its levels.
You also visited: Labyrinth.

You collected 627 gold pieces.
You spent 259 gold pieces at shops.

Inventory:

Missiles
 a - 168 arrows
Armour
 b - a +1 robe (worn)
 m - a +1 hat
Jewellery
 f - the ring of the Open Hand {rPois rN++ Slay+3, unknown}
   (You found it in a labyrinth)

   [ring of poison resistance]

   It affects your accuracy and damage with ranged weapons and melee attacks
   (+3).
   It protects you from poison.
   It greatly protects you from negative energy.
 h - a ring of protection from fire (left hand)
 n - a +3 amulet of reflection (around neck)
 B - an uncursed amulet of regeneration
 G - an uncursed ring of see invisible {unknown}
Wands
 v - a wand of disintegration (11)
 y - a wand of polymorph (29)
 z - a wand of flame (14)
 E - a wand of clouds (5)
 F - a wand of paralysis (7)
Scrolls
 i - 6 scrolls of identify
 p - 3 scrolls of enchant armour
 q - a scroll of teleportation
 r - a scroll of blinking
 s - 3 scrolls of remove curse
 w - 2 scrolls of amnesia
Potions
 e - 3 potions of flight
 g - a potion of berserk rage
 j - a potion of cancellation
 k - 2 potions of mutation
 l - 4 potions of resistance
 o - 2 potions of ambrosia
 t - 3 potions of curing
 u - a potion of heal wounds
 x - a potion of might
 C - a potion of haste
Books
 c - a book of Changes

   Spells                             Type                      Level
   a - Beastly Appendage              Transmutation                1
   b - Sticks to Snakes               Transmutation                2
   c - Spider Form                    Transmutation/Poison         3
   d - Ice Form                       Ice/Transmutation            4
   e - Blade Hands                    Transmutation                5
 A - a book of Flames

   Spells                             Type                      Level
   a - Flame Tongue                   Conjuration/Fire             1
   b - Throw Flame                    Conjuration/Fire             2
   c - Conjure Flame                  Conjuration/Fire             3
   d - Inner Flame                    Hexes/Fire                   3
   e - Sticky Flame                   Conjuration/Fire             4
   f - Fireball                       Conjuration/Fire             5
 D - a book of Maledictions

   Spells                             Type                      Level
   a - Corona                         Hexes                        1
   b - Ensorcelled Hibernation        Hexes/Ice                    2
   c - Confuse                        Hexes                        3
   d - Tukima's Dance                 Hexes                        3
   e - Dazzling Spray                 Conjuration/Hexes            3
Comestibles
 d - 13 rations


   Skills:
 + Level 6.3 Fighting
 + Level 3.2 Armour
 + Level 3.8 Dodging
 * Level 8.8 Unarmed Combat
 + Level 6.0 Spellcasting
 * Level 8.6 Transmutations


You had 10 spell levels left.
You knew the following spells:

 Your Spells              Type           Power        Failure   Level  Hunger
a - Beastly Appendage     Tmut           ####..       1%          1    None
b - Sticks to Snakes      Tmut           ####....     1%          2    #......
c - Spider Form           Tmut/Pois      ###.......   8%          3    ##.....
d - Blade Hands           Tmut           ####......   12%         5    ######.


Dungeon Overview and Level Annotations

Branches:
Dungeon (11/15)            Temple (1/1) D:7            Lair (0/6) D:11
    Orc (0/2) D:9

Altars:
Ashenzari
Cheibriados
Dithmenos
Elyvilon
Fedhas
Gozag
Hepliaklqana
Kikubaaqudgha
Makhleb
Nemelex Xobeh
Okawaru
Qazlal
Ru
Sif Muna
Trog
Uskayaw
Vehumet
Wu Jian
Xom
Yredelemnul
Zin
The Shining One
Lugonu

Shops:
D:6 !   D:7 !   D:10 !


Innate Abilities, Weirdness & Mutations

You have razor-sharp toenails.
You are mostly covered in yellow scales. (AC +3)
You regenerate a little health from kills.
When hurt, damage is shared between your health and your magic reserves.


Message History

A gargoyle comes into view. It is wielding a flail.
Found a war axe.
A porcupine comes into view.
A porcupine comes into view.
The gargoyle hurls a stone arrow at you.
The stone arrow hits you!
* * * LOW HITPOINT WARNING * * *
Found an escape hatch in the ceiling.
You lunge at the porcupine.
You punch the porcupine!
The porcupine is heavily wounded.
The porcupine bites you!
* * * LOW HITPOINT WARNING * * *
Found 10 arrows.
You spin and attack the porcupine.
You are struck by the porcupine's spines.
* * * LOW HITPOINT WARNING * * *
You barely miss the porcupine. You claw the porcupine.
The porcupine is severely wounded.
The porcupine closely misses you. The porcupine bites you.
You die...

*,,,,,,,,,,,,,,,**,,****,*,* *,,,
,,,,,,,,>*,.(.,****,*#..,*,***,,*
,,,,,,,,,,,,..,,* *,...***,,*,,**
,,,,,,,,,,,,,..,* **..**#**>*,,*
,,,,,,,*,,,,,,.###*#.#,.>,,,,,**
*,,,P..P.....,,r.##..#.#***..**
**,♣.P...P..Y,*#.#.).#.#**...*
**.P.P....P.**#r#.#...#*...** *
*.#.......## #@.9...###.#,* *
*.........Y#####Z.#.....#,* *
*...........####.###...**,* *
*.......u...#u...##..#,,*,* *
*..........Y.>##.#..#**,*,* *
*#..........####.#.## *,*,* *
##...#...### ##...## *,,,**** *
#..,##### #..#..###*,,,,,* ##
#.#,* ##..##...#**,,,,*


You could see a gargoyle, 2 porcupines and a centaur warrior zombie.

Vanquished Creatures
  A minotaur (Lab)
  Pikel (D:6)
  Prince Ribbit (D:8)
  A wyvern (Lab)
  8 yaks
  A hungry ghost (D:10)
  The ghost of kae the Insei, an amateur DsTm (D:4)
  2 swamp drakes (Lab)
  2 orc warriors
  2 ice beasts
  4 sky beasts
  A black bear (D:7)
  A phantom (D:7)
  4 slaves
  A necrophage (D:6)
  3 ogres
  5 centaurs
  A big kobold (D:10)
  A bullfrog (D:7)
  Blork the orc (D:6)
  A wyvern skeleton (D:7)
  A scorpion (D:5)
  4 killer bees (D:11)
  4 electric eels (D:10)
  A howler monkey (D:8)
  A lava snake (Lab)
  5 crimson imps
  A jelly (D:10)
  3 bullfrog zombies
  3 centaur skeletons
  A hound (D:7)
  6 orc wizards
  5 orc priests
  An iguana (D:11)
  A worker ant (D:8)
  A howler monkey zombie (D:9)
  14 adders
  4 gnolls (D:2)
  4 shadow imps
  5 oozes
  An adder skeleton (D:7)
  2 worms
  6 dart slugs
  3 leopard geckos
  22 orcs
  7 bats
  8 giant cockroaches
  4 hobgoblins
  14 jackals
  4 quokkas
  11 ball pythons
  4 frilled lizards
  8 goblins
  14 kobolds
  A leopard gecko skeleton (D:5)
  A quokka skeleton (D:5)
  A quokka zombie (D:6)
  5 rats
224 creatures vanquished.

Vanquished Creatures (others)
  A quokka (D:10)
1 creature vanquished.

Grand Total: 225 creatures vanquished

Notes
Turn   | Place    | Note
-------+----------+-------------------------------------------
     0 | D:1      | kae the Demonspawn Transmuter began the quest for the Orb.
     0 | D:1      | Reached XP level 1. HP: 15/15 MP: 3/3
   494 | D:1      | Gained mutation: When hurt, damage is shared between your health and your magic reserves. [demonic ancestry]
   494 | D:1      | Reached XP level 2. HP: 20/21 MP: 3/5
  1459 | D:2      | Gained mutation: You are partially covered in yellow scales. (AC +2) [demonic ancestry]
  1459 | D:2      | Reached XP level 3. HP: 18/26 MP: 3/6
  1857 | D:2      | Found a bloodstained altar of Trog.
  2215 | D:2      | Reached XP level 4. HP: 28/32 MP: 7/7
  2876 | D:2      | Noticed an ice beast
  2934 | D:1      | Learned a level 2 spell: Sticks to Snakes
  2938 | D:1      | Learned a level 3 spell: Spider Form
  2951 | D:2      | Killed an ice beast
  2951 | D:2      | Gained mutation: You have sharp toenails. [demonic ancestry]
  2951 | D:2      | Reached XP level 5. HP: 24/38 MP: 3/9
  3876 | D:4      | Gained mutation: You have razor-sharp toenails. [demonic ancestry]
  3876 | D:4      | Reached XP level 6. HP: 44/46 MP: 8/10
  3918 | D:4      | Noticed kae's ghost (amateur DsTm)
  4256 | D:4      | Found a hide-covered altar of Uskayaw.
  4746 | D:3      | Learned a level 5 spell: Blade Hands
  5225 | D:5      | Entered Level 5 of the Dungeon
  5314 | D:5      | Found a sacrificial altar of Ru.
  5381 | D:5      | Noticed a sky beast
  6228 | D:5      | Killed a sky beast
  6228 | D:5      | Reached XP level 7. HP: 25/51 MP: 3/11
  7093 | D:6      | Reached skill level 5 in Unarmed Combat
  7128 | D:6      | Found Ufuhocw's Distillery.
  7135 | D:6      | Noticed Pikel
  7298 | D:6      | Reached skill level 5 in Transmutations
  7366 | D:6      | Bought a potion of curing for 33 gold pieces
  7366 | D:6      | Bought a potion of heal wounds for 55 gold pieces
  7366 | D:6      | Bought a potion of degeneration for 11 gold pieces
  7708 | D:6      | Killed Pikel
  7708 | D:6      | Reached XP level 8. HP: 40/60 MP: 7/14
  7843 | D:6      | Noticed Blork the orc
  7849 | D:6      | Killed Blork the orc
  8850 | D:4      | Killed kae's ghost
  9374 | D:7      | Gained mutation: You are mostly covered in yellow scales. (AC +3) [demonic ancestry]
  9374 | D:7      | Reached XP level 9. HP: 43/66 MP: 12/16
 10158 | D:7      | Found Xinuahir's Distillery.
 10166 | D:7      | Bought a potion of might for 64 gold pieces
 10166 | D:7      | Bought a potion of curing for 48 gold pieces
 10166 | D:7      | Bought a potion of curing for 48 gold pieces
 10238 | D:7      | Reached skill level 5 in Fighting
 10275 | D:7      | Found an opulent altar of Gozag.
 10305 | D:7      | Reached skill level 5 in Spellcasting
 10382 | D:7      | You fall through a shaft for 2 floors!
 10626 | D:9      | Found a shadowy altar of Dithmenos.
 10681 | D:9      | Found a staircase to the Orcish Mines.
 10720 | D:9      | Reached skill level 1 in Armour
 11151 | D:8      | Noticed Prince Ribbit
 11182 | D:8      | Killed Prince Ribbit
 11461 | D:7      | Found a staircase to the Ecumenical Temple.
 11478 | D:7      | Found a basalt altar of Yredelemnul.
 11589 | D:7      | Found a white marble altar of Elyvilon.
 11740 | Temple   | Entered the Ecumenical Temple
 11775 | Temple   | Became a worshipper of the Wu Jian Council
 12142 | D:8      | Found a snail-covered altar of Cheibriados.
 12142 | D:8      | Found a shattered altar of Ashenzari.
 12147 | D:8      | Found an ancient bone altar of Kikubaaqudgha.
 12149 | D:8      | Found a shimmering altar of Xom.
 12151 | D:8      | Found a deep blue altar of Sif Muna.
 12681 | D:9      | Found a radiant altar of Vehumet.
 12681 | D:9      | Found a glowing golden altar of the Shining One.
 12932 | D:9      | Gained mutation: You regenerate a little health from kills. [demonic ancestry]
 12932 | D:9      | Reached XP level 10. HP: 26/76 MP: 3/18
 13516 | D:10     | Entered Level 10 of the Dungeon
 13619 | D:10     | Found Jeofiasm's Distillery.
 14649 | D:10     | Reached * piety under Wu Jian
 15696 | D:11     | Found a labyrinth entrance.
 15703 | D:11     | Noticed a two-headed ogre
 15707 | Lab      | Entered a labyrinth
 19246 | Lab      | Noticed a minotaur
 19254 | Lab      | Killed a minotaur
 19281 | Lab      | Got a shimmering silver ring
 19406 | D:11     | Noticed a cyan ugly thing
 19412 | D:11     | Noticed a gargoyle
 19416 | D:11     | HP: 2/77 [porcupine's spines (7)]
 19416 | D:11     | Slain by a porcupine

Skill      XL: |  1  2  3  4  5  6  7  8  9 10 |
---------------+-------------------------------+-----
Transmutations | 2 3 4 5 6 7 8 |  8.6
Unarmed Combat | 3 4 6 8 |  8.8
Fighting       | 2 4 5 6 |  6.3
Spellcasting   | 3 4 5 6 |  6.0
Dodging        | 2 3 |  3.8
Armour         | 2 3 |  3.2

Action                   |  1- 3 |  4- 6 |  7- 9 | 10-12 || total
-------------------------+-------+-------+-------+-------++-------
Melee: Unarmed           |   176 |   213 |   375 |   180 ||   944
       Headbutt          |     5 |     6 |     6 |       ||    17
       Kick              |     6 |    34 |    57 |    19 ||   116
       Punch             |       |     2 |     4 |     3 ||     9
 Cast: Beastly Appendage |    15 |    17 |     9 |       ||    41
       Spider Form       |       |     4 |    27 |    15 ||    46
       Sticks to Snakes  |       |     1 |       |       ||     1
       Blade Hands       |       |       |     5 |     4 ||     9
Invok: Lunge             |       |       |     3 |    10 ||    13
       Whirlwind         |       |       |       |    29 ||    29
Evoke: Wand              |       |       |       |     6 ||     6
  Use: Scroll            |     5 |     6 |     8 |     9 ||    28
       Potion            |     1 |     2 |       |     1 ||     4
 Stab: Sleeping          |     2 |     5 |       |     1 ||     8
       Distracted        |       |       |       |     1 ||     1
  Eat: Chunk             |     5 |     5 |    20 |    13 ||    43
       Ration            |       |     2 |     2 |     3 ||     7
Armor: Robe              |    54 |    43 |    36 |    14 ||   147
       Skin              |     5 |     3 |     4 |     1 ||    13
Dodge: Dodged            |   127 |   136 |   209 |   109 ||   581
Block: Other             |       |    24 |    31 |    22 ||    77
       Reflection        |       |     1 |     1 |     3 ||     5
